 Dungeon Sprint DCSS version 0.30.1-4-g462c640d31 (webtiles) character file.

Game seed: 16557642111355495367

859 Heoruswealwe the Grappler (level 7, 0/78 HPs)
             Began as a Troll Berserker on Aug 17, 2023.
             Was a Priest of Trog.
             Slain by a red devil
             ... wielding a +0 trident
             ... summoned by a kobold demonologist
              (20 damage)
             ... in the Dungeon (Sprint I: "Red Sonja").
             The game lasted 00:03:59 (258 turns).

Heoruswealwe the Grappler (Troll Berserker)          Turns: 258, Time: 00:04:00

Health: 0/78       AC:  4    Str: 28      XL:     7   Next: 71%
Magic:  6/6        EV: 11    Int:  3      God:    Trog [***...]
Gold:   412        SH:  0    Dex:  7 (9)  Spells: 6/6 levels left

rFire   . .          .
                       - Unarmed
rCold   . . .        (no shield)
rNeg    . . .        c - +0 animal skin
rPois   .            (helmet restricted)
rElec   .            (no cloak)
rCorr   .            (gloves unavailable)
SInv    .            (boots unavailable)
Will    .....        (no amulet)
Stlth   +            (no ring)
HPRegen 1.13/turn    (no ring)
MPRegen 0.10/turn

%: no teleportation
@: spiked
A: large, unfitting armour, claws 3, regeneration 1, shaggy fur 1, tough skin 1
a: Renounce Religion, Berserk, Trog's Hand


You were in the Dungeon.
You worshipped Trog.
Trog was most pleased with you.
You visited 1 branch You collected 412 gold pieces.

Inventory:

Armour
 c - a +0 animal skin (worn)
Wands
 e - a wand of light (9)
Scrolls
 g - a scroll of blinking
Potions
 a - a potion of heal wounds
 b - a potion of curing
 d - a potion of haste
 f - a potion of flight {unknown}
 h - a potion of berserk rage


   Skills:
 + Level 7.6 Fighting
 + Level 7.6 Dodging
 * Level 12.4 Unarmed Combat


You had 6 spell levels left.
You didn't know any spells.
Your spell library was empty.

Dungeon Overview and Level Annotations

Branches:
Dungeon (1/1)

Altars:
Cheibriados
Dithmenos
Elyvilon
Fedhas
Gozag
Hepliaklqana
Kikubaaqudgha
Makhleb
Nemelex Xobeh
Okawaru
Qazlal
Ru
Sif Muna
Trog
Uskayaw
Vehumet
Wu Jian
Xom
Yredelemnul
Zin
The Shining One
Jiyva
Lugonu

Shops:
D [


Innate Abilities, Weirdness & Mutations

You are too large for most types of armour.
You have claws for hands.
Your natural rate of healing is unusually fast.
You are covered in fur. (AC +1)
You have tough skin. (AC +1)


Message History

The kobold demonologist casts a spell.
The white imp lashes its tail.
The red devil hits you from afar with a +0 trident!!
Barbed spikes become lodged in your body.
The kobold demonologist hits you with a +0 dagger.
The red devil hits you from afar with a +0 trident.
Barbed spikes become lodged in your body.
You can move again.
You closely miss the kobold demonologist.
The kobold demonologist is severely wounded.
The kobold demonologist barely misses you.
You scratch the kobold demonologist. You claw the kobold demonologist.
The kobold demonologist is almost dead.
The red devil hits you from afar with a +0 trident!!
Barbed spikes become lodged in your body.
You closely miss the kobold demonologist.
The kobold demonologist is almost dead.
The kobold demonologist closely misses you.
The red devil hits you from afar with a +0 trident!
* * * LOW HITPOINT WARNING * * *
Barbed spikes become lodged in your body.
You barely miss the kobold demonologist.
The kobold demonologist is almost dead.
The kobold demonologist mumbles some strange words.
The red devil hits you from afar with a +0 trident.
* * * LOW HITPOINT WARNING * * *
Barbed spikes become lodged in your body.
You closely miss the kobold demonologist.
The kobold demonologist is almost dead.
The kobold demonologist hits you but does no damage.
You closely miss the kobold demonologist.
The kobold demonologist is almost dead.
The red devil closely misses you. The floating eye seems to glare at you.
The kobold demonologist casts a spell.
You closely miss the kobold demonologist.
Your claw misses the kobold demonologist.
The kobold demonologist is almost dead.
The red devil hits you from afar with a +0 trident!!
You die...

#####################
.)..#.)'..#__#.4@G55#
.#..'..#..'..'..#K4.#
###'#####'#__####5..+
##..#...#)#### ####
_####..##.#
____##'#_.+
.∩...†..._#
..__##_.#'#
____###+#.#


You could see an ice devil (summoned), a kobold demonologist, a red devil
(summoned), a floating eye (charged), an iron imp (summoned), a quasit
(summoned) and a white imp (summoned).

Vanquished Creatures
  A kobold demonologist (D)
  A slime creature (D)
  Sigmund (D)
  A yak (D)
  An ogre (D)
  A jelly (D)
  Ijyb (D)
7 creatures vanquished.

Notes
Turn   | Place    | Note
-------+----------+-------------------------------------------
     0 | D        | Heoruswealwe the Troll Berserker began the quest for the
                  | Orb.
     0 | D        | Reached XP level 1. HP: 22/22 MP: 0/0
     1 | D        | Noticed Ijyb
    52 | D        | Killed Ijyb
    53 | D        | Reached skill level 5 in Unarmed Combat
    53 | D        | Reached XP level 2. HP: 25/31 MP: 1/1
    72 | D        | Noticed an ogre
    77 | D        | Killed an ogre
    78 | D        | Reached skill level 7 in Unarmed Combat
    78 | D        | Reached XP level 3. HP: 40/40 MP: 2/2
    78 | D        | Reached XP level 4. HP: 49/49 MP: 3/3
   116 | D        | Noticed Sigmund
   121 | D        | Killed Sigmund
   121 | D        | Reached ** piety under Trog
   122 | D        | Reached skill level 5 in Fighting
   122 | D        | Reached skill level 5 in Dodging
   122 | D        | Reached skill level 9 in Unarmed Combat
   122 | D        | Reached XP level 5. HP: 50/59 MP: 4/4
   142 | D        | Found a burning altar of Makhleb.
   142 | D        | Found a viscous altar of Jiyva.
   142 | D        | Found a shimmering altar of Xom.
   142 | D        | Found a corrupted altar of Lugonu.
   142 | D        | Noticed a slime creature
   148 | D        | Killed a slime creature
   149 | D        | Reached skill level 10 in Unarmed Combat
   149 | D        | Reached XP level 6. HP: 68/68 MP: 5/5
   168 | D        | Found an ornate altar of the Wu Jian Council.
   168 | D        | Found a shimmering blue altar of Sif Muna.
   170 | D        | Found a radiant altar of Vehumet.
   199 | D        | Found Bakkuog's Antique Armour Emporium.
   199 | D        | Found an ancient bone altar of Kikubaaqudgha.
   199 | D        | Found a hazy altar of Hepliaklqana.
   199 | D        | Found a stormy altar of Qazlal.
   199 | D        | Found a hide-covered altar of Uskayaw.
   199 | D        | Found a blossoming altar of Fedhas.
   199 | D        | Found a bloodstained altar of Trog.
   199 | D        | Found an iron altar of Okawaru.
   199 | D        | Found a basalt altar of Yredelemnul.
   199 | D        | Found a glowing golden altar of the Shining One.
   199 | D        | Found a snail-covered altar of Cheibriados.
   199 | D        | Found a sacrificial altar of Ru.
   199 | D        | Found a glowing silver altar of Zin.
   199 | D        | Found a shadowy altar of Dithmenos.
   199 | D        | Found a white marble altar of Elyvilon.
   199 | D        | Noticed a yak
   201 | D        | Killed a yak
   201 | D        | Reached *** piety under Trog
   202 | D        | Reached skill level 11 in Unarmed Combat
   202 | D        | Reached XP level 7. HP: 75/78 MP: 6/6
   202 | D        | Found an opulent altar of Gozag.
   203 | D        | Found a sparkling altar of Nemelex Xobeh.
   223 | D        | Noticed a kobold demonologist
   223 | D        | Noticed a kobold demonologist
   226 | D        | Paralysed by a floating eye for 4 turns
   233 | D        | Killed a kobold demonologist
   234 | D        | Reached skill level 12 in Unarmed Combat
   236 | D        | Paralysed by a floating eye for 3 turns
   247 | D        | Paralysed by a floating eye for 4 turns
   250 | D        | Noticed a red devil
   258 | D        | Noticed an ice devil
   258 | D        | Slain by a red devil

Illustrated notes

Levels and vault maps discovered:
D:        dungeon_sprint_1 [red_sonja_temple_1, red_sonja_temple_small_1]

Skill      XL: |  1  2  3  4  5  6  7 |
---------------+----------------------+-----
Fighting       | 3 4 5 6 7 |  7.6
Dodging        | 3 4 5 6 7 |  7.6
Unarmed Combat | 5 7 9 10 11 12 | 12.4

Action                     |  1- 3 |  4- 6 |  7- 9 || total
---------------------------+-------+-------+-------++-------
  Melee: Unarmed           |    34 |    11 |    23 ||    68
         Punch             |     3 |       |     1 ||     4
    Use: Potion            |     1 |       |       ||     1
 Armour: Animal skin       |     7 |       |    19 ||    26
  Dodge: Dodged            |    16 |     3 |    11 ||    30
